 Dungeon Crawl Stone Soup version 0.18-a0-1797-gc18daef (webtiles) character file.

29 Mefis the Magician (level 3, 0/24 HPs)
             Began as a Human Wizard on Apr 22, 2016.
             Was an Initiate of Sif Muna.
             Slain by an adder (3 damage)
             ... on level 2 of the Dungeon.
             The game lasted 00:08:29 (1630 turns).

Mefis the Magician (Human Wizard)                   Turns: 1630, Time: 00:08:30

Health: 0/24       AC:  2    Str:  7    XL:     3   Next: 32%
Magic:  3/8        EV: 12    Int: 19    God:    Sif Muna [......]
Gold:   87         SH:  0    Dex: 11    Spells: 4 memorised, 2 levels left

rFire  . . .     SeeInvis .     m - -3 spear (curse)
rCold  . . .     Gourm    .     a - +0 robe
rNeg   . . .     Faith    .     (no shield)
rPois  .         Spirit   .     b - +0 hat
rElec  .         Dismiss  .     (no cloak)
rCorr  .         Reflect  .     (no gloves)
SustAt .         Harm     .     (no boots)
MR     .....                    (no amulet)
Stlth  ++........               (no ring)
                                (no ring)

@: lethally poisoned (0 -> -8), not resistant to hostile enchantments,
unstealthy
A: no striking features
a: Renounce Religion


You were on level 2 of the Dungeon.
You worshipped Sif Muna.
Sif Muna was noncommittal.
You were hungry.

You visited 1 branch of the dungeon, and saw 2 of its levels.

You collected 87 gold pieces.

Inventory:

Hand Weapons
 i - a +1 hand axe
 m - a cursed -3 spear (weapon)
Missiles
 l - 19 arrows
Armour
 a - a +0 robe (worn)
 b - a +0 hat (worn)
Scrolls
 e - a scroll of magic mapping
 g - a scroll of identify
Potions
 h - 2 potions of heal wounds {unknown}
 j - a potion of magic {unknown}
 k - a potion of experience {unknown}
 o - a potion of degeneration {unknown}
Books
 c - a book of Minor Magic

   Spells                             Type                      Level
   a - Magic Dart                     Conjuration                  1
   b - Blink                          Translocation                2
   c - Call Imp                       Summoning                    2
   d - Repel Missiles                 Charms/Air                   2
   e - Slow                           Hexes                        2
   f - Conjure Flame                  Conjuration/Fire             3
   g - Mephitic Cloud                 Conjuration/Poison/Air       3
Comestibles
 d - 2 bread rations
 f - a meat ration
 n - a chunk of flesh


   Skills:
 + Level 2.2 Dodging
 * Level 2.1 Stealth
 + Level 3.7 Spellcasting
 + Level 1.1 Conjurations
 * Level 1.2 Summonings
 + Level 1.0 Translocations


You had 2 spell levels left.
You knew the following spells:

 Your Spells              Type           Power        Failure   Level  Hunger
a - Magic Dart            Conj           #...         10%         1    None
b - Call Imp              Summ           #.......     14%         2    ##.....
c - Blink                 Tloc           N/A          17%         2    ##.....
d - Repel Missiles        Chrm/Air       #.....       24%         2    ##.....


Dungeon Overview and Level Annotations

Branches:
Dungeon (2/15)

Altars:
Sif Muna

Annotations:
D:2 Sigmund


Message History

The magic dart hits the adder.
The adder is almost dead.
You feel sick. The adder bites you.
Casting: Magic Dart
Confirm with . or Enter, or press ? or * to list all spells.
A beastly little devil appears in a puff of flame.
You are feeling hungry.
The adder bites you.
* * * LOW HITPOINT WARNING * * *
The adder completely misses you.
You feel sick. The adder closely misses you.
You swap places.
Your crimson imp barely misses the adder.
The adder bites you.
* * * LOW HITPOINT WARNING * * *
You are more poisoned.
The adder poisons you!
* * * LOW HITPOINT WARNING * * *
You feel sick.
Your crimson imp misses the adder.
The adder bites you.
You die...

#........### .........
...........#
#..........
#..........####
..........
#######<.......
.......... # #########
... ... # ####.##.# #
########.......# #
#......#.......# #
#......#.@.....# #
#####......#.S.....# #
#.........5#.5....?###
##
#..........#.........#
.#
#..........#.........#
.#
#..............†.....#
.#
#..[.######..........#
.# #....#
#............ .#
#....# ########.###.


You could see an adder and a friendly crimson imp.

Vanquished Creatures
  A worm (D:2)
  2 dart slugs
  A giant cockroach (D:1)
  2 goblins
  2 jackals (D:2)
  A quokka (D:1)
  7 bats
  A giant newt (D:2)
  3 rats
20 creatures vanquished.

Vanquished Creatures (collateral kills)
  A worm (D:2)
  A hobgoblin (D:2)
2 creatures vanquished.

Grand Total: 22 creatures vanquished

Notes
Turn   | Place    | Note
--------------------------------------------------------------
     0 | D:1      | Mefis the Human Wizard began the quest for the Orb.
     0 | D:1      | Reached XP level 1. HP: 13/13 MP: 4/4
   191 | D:1      | Reached XP level 2. HP: 11/19 MP: 0/6
   252 | D:1      | Learned a level 2 spell: Call Imp
   255 | D:1      | Learned a level 2 spell: Blink
   258 | D:1      | Learned a level 2 spell: Repel Missiles
   941 | D:2      | Found a deep blue altar of Sif Muna.
   945 | D:2      | Became a worshipper of Sif Muna the Loreminder
  1003 | D:2      | Noticed Sigmund
  1086 | D:2      | Reached XP level 3. HP: 20/24 MP: 2/8
  1630 | D:2      | Slain by an adder

Vault maps used:
D:1:      dpeg_arrival_leaves_temple_mockup, fountainhead
D:2:      nicolae_dithmenos_through_a_glass_darkly, marbit_many_paths,
          lemuel_doored_altar, uniq_sigmund

Action                   || total
-------------------------++-------
Melee: Unarmed           ||    11
       Hand axe          ||    16
       Spear             ||     8
 Cast: Magic Dart        ||    56
       Call Imp          ||    10
       Repel Missiles    ||     1
  Use: Scroll            ||     2
 Stab: Sleeping          ||     1
  Eat: Chunk             ||     2
Armor: Robe              ||    10
Dodge: Dodged            ||    26
       Deflected         ||     1
